 Dungeon Crawl Stone Soup version 0.30-a0-222-ge547ba4400 (webtiles) character file.

Game seed: 2029477885737277060

1853 timneilson the Shield-Bearer (level 9, 0/54 HPs)
             Began as a Gargoyle Fighter on Oct 8, 2022.
             Slain by a killer bee (7 damage)
             ... on level 7 of the Dungeon.
             The game lasted 00:08:50 (5307 turns).

timneilson the Shield-Bearer (Gargoyle Fighter)     Turns: 5307, Time: 00:08:51

Health: 0/54       AC: 23    Str: 24    XL:     9   Next: 12%
Magic:  0/9        EV:  8    Int:  9    God:
Gold:   372        SH:  6    Dex:  9    Spells: 8/8 levels left

rFire   . . .      SeeInvis .    g - +1 scimitar (protect)
rCold   . . .      Faith    .    c - +1 buckler
rNeg    + . .      Spirit   +    e - +0 chain mail
rPois   ∞          Reflect  .    (no helmet)
rElec   +          Harm     .    (no cloak)
rCorr   .          Rampage  .    (no gloves)
Will    .....                    (no boots)
Stlth   ..........               h - amulet of guardian spirit
HPRegen 0.29/turn                (no ring)
MPRegen 0.11/turn                (no ring)

@: under a protective aura
A: sickness immunity, AC +6, negative energy resistance 1, electricity
resistance, torment resistance 1, petrification resistance
a: no special abilities


You were on level 7 of the Dungeon.
You visited 1 branch of the dungeon, and saw 7 of its levels.

You collected 372 gold pieces.

Inventory:

Hand Weapons
 a - a +0 long sword
 g - a +1 scimitar of protection (weapon)
Armour
 c - a +1 buckler (worn)
 e - a +0 chain mail (worn)
 t - a +0 plate armour
Jewellery
 h - an amulet of guardian spirit (around neck)
 u - a ring of willpower
Wands
 k - a wand of mindburst (10)
Scrolls
 f - 2 scrolls of immolation
 o - 4 scrolls of poison
 s - 2 scrolls of teleportation
 w - a scroll of blinking
Potions
 b - a potion of flight {unknown}
 d - 3 potions of might
 i - a potion of berserk rage
 j - 3 potions of resistance
 m - a potion of haste
 n - a potion of cancellation {unknown}
 p - a potion of attraction {unknown}
 q - a potion of degeneration {unknown}
 r - 2 potions of lignification {unknown}
 v - a potion of magic {unknown}


   Skills:
 + Level 5.3 Fighting
 * Level 5.4 Long Blades
 * Level 6.9 Armour
 + Level 2.9 Dodging
 * Level 6.9 Shields
 + Level 2.3 Evocations


You had 8 spell levels left.
You didn't know any spells.
Your spell library contained the following spells:

 Spells                   Type           Power      Damage    Failure   Level
 Ensorcelled Hibernation  Hex/Ice        0%         N/A       99%         2
 Passwall                 Tmut/Erth      0%         N/A       99%         2
 Spider Form              Tmut/Pois      0%         N/A       100%        3
 Swiftness                Air            0%         N/A       100%        3
 Anguish                  Hex/Necr       0%         N/A       100%        4


Dungeon Overview and Level Annotations

Branches:
Dungeon (7/15)
 Temple: D:4-7

Altars:
Dithmenos
Fedhas
Xom

Shops:
D:3 (   D:4 (

Annotations:
D:5 3 runed translucent doors, chamandro's ghost, novice OpTm


Innate Abilities, Weirdness & Mutations

You are immune to sickness and miasma.
Your stone body is resilient. (AC +6)
You are immune to poison.
You resist negative energy. (rN+)
You are resistant to electric shocks. (rElec)
You are resistant to unholy torment.
You are immune to petrification.


Message History

The killer bee barely misses you.
The killer bee stings you but does no damage. x2
You hit the killer bee.
The killer bee is heavily wounded.
The killer bee barely misses you. The killer bee stings you.
* * * LOW HITPOINT WARNING * * *
You miss the killer bee.
The killer bee is heavily wounded.
The killer bee stings you but does no damage.
The killer bee barely misses you.
The killer bee stings you but does no damage.
You miss the killer bee.
The killer bee is heavily wounded.
The killer bee barely misses you.
The killer bee stings you but does no damage.
You miss the killer bee.
The killer bee is heavily wounded.
The killer bee barely misses you.
The killer bee stings you but does no damage.
You block the killer bee's attack.
You miss the killer bee.
The killer bee is heavily wounded.
The killer bee stings you.
* * * LOW HITPOINT WARNING * * *
The killer bee stings you but does no damage.
You barely miss the killer bee.
The killer bee is heavily wounded.
The killer bee stings you.
* * * LOW HITPOINT WARNING * * *
The killer bee closely misses you.
You slash the killer bee!
Your weapon exudes an aura of protection.
The killer bee is almost dead.
The killer bee stings you but does no damage.
You block the killer bee's attack. The killer bee stings you.
* * * LOW HITPOINT WARNING * * *
You closely miss the killer bee.
The killer bee is almost dead.
The killer bee stings you!
You die...

#)# #...........####.#
#.# #..............#.#
#.# #...........##.#.#
#.####...........<#.#.#
#....'...........##.#.#
######...........'..#.#
###..#......####.#
#..#...........#
#..#@###########
######..#y######
.............y....
#######..######... #..#
#..# ...# ##.## #.#


You could see a killer bee.

Vanquished Creatures
  Sigmund (D:2)
  Eustachio (D:6)
  A steam dragon (D:6)
  2 water moccasins
  A black bear (D:4)
  A kobold brigand (D:7)
  2 gnoll sergeants (D:6)
  3 scorpions
  5 killer bees (D:7)
  A howler monkey (D:6)
  2 orc priests (D:4)
  A hound (D:4)
  A jelly (D:6)
  3 iguanas
  2 orc wizards
  9 adders
  5 gnolls
  A shadow imp (D:6)
  A white imp (D:6)
  An ufetubus (D:6)
  3 dart slugs
  10 orcs
  5 ball pythons
  4 endoplasms
  4 giant cockroaches
  9 goblins
  7 hobgoblins
  12 jackals
  4 quokkas
  4 bats
  7 frilled lizards
  12 kobolds
  3 rats
128 creatures vanquished.

Vanquished Creatures (others)
  10 plants
10 creatures vanquished.

Grand Total: 138 creatures vanquished

Notes
Turn   | Place    | Note
-------+----------+-------------------------------------------
     0 | D:1      | timneilson the Gargoyle Fighter began the quest for the
                  | Orb.
     0 | D:1      | Reached XP level 1. HP: 14/14 MP: 1/1
   207 | D:1      | Reached XP level 2. HP: 9/19 MP: 2/2
   396 | D:1      | Found a faded altar of an unknown god.
   407 | D:1      | Reached XP level 3. HP: 23/23 MP: 3/3
  1033 | D:2      | Noticed Sigmund
  1051 | D:2      | Killed Sigmund
  1052 | D:2      | Reached skill level 1 in Dodging
  1052 | D:2      | Reached XP level 4. HP: 6/29 MP: 4/4
  1052 | D:2      | Reached XP level 5. HP: 7/33 MP: 5/5
  1319 | D:2      | Reached XP level 6. HP: 38/38 MP: 6/6
  1583 | D:3      | Found a shadowy altar of Dithmenos.
  1868 | D:3      | HP: 1/38 [something/magic dart (4)]
  1877 | D:3      | HP: 1/38 [something (3)]
  2123 | D:3      | Found Xiudieq's Weapon Emporium.
  2141 | D:3      | Found a shimmering altar of Xom.
  2540 | D:4      | Noticed a black bear
  2555 | D:4      | Killed a black bear
  2556 | D:4      | Reached skill level 5 in Armour
  2556 | D:4      | Reached skill level 5 in Shields
  2746 | D:4      | Reached XP level 7. HP: 43/43 MP: 7/7
  2833 | D:4      | Found Nockuake's Firing Range.
  3218 | D:5      | Entered Level 5 of the Dungeon
  3389 | D:5      | Found a runed translucent gate.
  3390 | D:5      | Found a runed translucent gate.
  3391 | D:5      | Found a runed translucent gate.
  3392 | D:5      | Noticed chamandro's ghost (novice OpTm)
  3441 | D:5      | Found a blossoming altar of Fedhas.
  3561 | D:5      | Reached skill level 1 in Evocations
  3962 | D:6      | Reached XP level 8. HP: 37/48 MP: 5/8
  4555 | D:6      | Reached skill level 5 in Fighting
  4706 | D:6      | Noticed Eustachio
  4732 | D:6      | Killed Eustachio
  4733 | D:6      | Reached skill level 5 in Long Blades
  5221 | D:7      | Reached XP level 9. HP: 53/54 MP: 9/9
  5307 | D:7      | Slain by a killer bee

Illustrated notes

Levels and vault maps discovered:
D:1:      dpeg_arrival_round_b, layout_rooms, ebering_ecumenical_altar_box,
          serial_bayou_pond_e, minmay_tetromino_t2
D:2:      layout_basic, minmay_misc_feat_rows, kennysheep_generic_room_11,
          uniq_sigmund
D:3:      layout_loops_ring, grunt_dithmenos_smoke, mainiacjoe_overflow_paths,
          serial_shops, shop, guppyfry_early_lair_pool
D:4:      black_bear_nest_1, layout_loops_ring, serial_bayou_pond_c,
          nicolae_shop_firing_range
D:5:      layout_basic, mainiacjoe_overflow_24_doors, gammafunk_ghost_split
D:6:      layout_loops_ring, minmay_between, uniq_eustachio
D:7:      layout_basic, led_sif_book, minmay_temple_entry_junction_2,
          guppyfry_early_elven_hall

Skill      XL: |  1  2  3  4  5  6  7  8 |
---------------+-------------------------+-----
Long Blades    | 2 3 4 5 |  5.4
Armour         | 4 5 6 |  6.9
Dodging        | 1 2 |  2.9
Shields        | 4 5 6 |  6.9
Fighting       | 4 5 |  5.3
Evocations     | 1 2 |  2.3

Action                   |  1- 3 |  4- 6 |  7- 9 || total
-------------------------+-------+-------+-------++-------
Melee: Long sword        |   137 |       |       ||   137
       Scimitar          |    24 |   167 |   375 ||   566
  Use: Scroll            |     1 |     9 |     3 ||    13
       Potion            |     1 |       |     2 ||     3
Armor: Scale mail        |   106 |   153 |    36 ||   295
       Chain mail        |       |       |   230 ||   230
Dodge: Dodged            |   103 |   103 |   199 ||   405
Block: Buckler           |    46 |    50 |   123 ||   219

Table legend: (Time is in decaauts)
 A = Elapsed time spent in this place.
 B = Non-inter-level travel time spent in this place.
 C = Inter-level travel time spent in this place.
 D = Time resting spent in this place.
 E = Time spent auto-exploring this place.
 F = Levels seen in this place.
 G = Mean time per level.
                   A        B        C        D        E       F      G
               +--------+--------+--------+--------+--------+-----+--------+
         Total |   5488 |   5351 |    137 |    155 |   3786 |   7 |  784.0 |
       Dungeon |   5488 |   5351 |    137 |    155 |   3786 |   7 |  784.0 |
               +--------+--------+--------+--------+--------+-----+--------+

Top non-repeatable levels by time:
     D:6: 1031 daAuts
     D:4: 901 daAuts
     D:5: 881 daAuts
     D:1: 854 daAuts
     D:3: 805 daAuts
     D:2: 782 daAuts
     D:7: 231 daAuts
